Map: Battle on the Boardwalk LE

Players

Honor - Winner!

  • Race: Protoss Protoss
  • League: Master
  • Spawn Location: 1:00

A.I. 1 (Elite)

  • Race: Protoss Protoss
  • Spawn Location: 11:00

VOD

Have the link to the VOD?

Description

Time

  • Played on: Dec. 13, 2017, 9:17 a.m.
  • Length: 4:11
Show
View Real Time Build Order
Export as new Build Order

Honor Protoss - Winner!

Build Orders:  

Get SALT Encoding   

  12  0:00  Probe  
  13  0:13  Probe  
  14  0:17  Pylon  
  14  0:25  Probe  
  15  0:37  Probe  
  15  0:38  Gateway  
  16  0:44  Assimilator  
  16  0:49  Probe  
  17  1:01  Probe  
  17  1:03  Gateway  
  18  1:13  Probe  
  19  1:25  Cybernetics Core, Probe  
  20  1:30  Zealot  
  22  1:37  Pylon  
  22  1:48  Gateway  
  22  2:02  Warp Gate (Chrono Boost), Stalker  
  24  2:08  Stalker  
  26  2:18  Gateway  
  26  2:29  Pylon  
  26  2:34  Stalker  
  28  2:42  Stalker  
  30  2:48  Zealot  
  32  3:02  Pylon  
  32  3:28  Stalker x2  
  32  3:29  Zealot x2  
  38  3:36  Pylon  
  38  3:51  Stalker  
  38  3:55  Stalker  
  42  3:56  Zealot  
Show
View Real Time Build Order
Export as new Build Order

A.I. 1 (Elite) Protoss 

Build Orders:  

Get SALT Encoding   

  12  0:00  Probe  
  13  0:13  Probe  
  14  0:19  Pylon  
  14  0:25  Probe  
  15  0:37  Probe  
  15  0:39  Gateway  
  16  0:47  Assimilator  
  16  0:49  Probe  
  17  1:00  Pylon  
  17  1:01  Probe  
  18  1:13  Probe  
  19  1:25  Probe  
  19  1:27  Zealot  
  19  1:28  Cybernetics Core  
  22  1:38  Probe  
  23  1:50  Probe  
  24  2:02  Probe  
  24  2:03  Nexus  
  25  2:10  Warp Gate  
  25  2:14  Probe  
  26  2:20  Stalker  
  28  2:26  Probe  
  29  2:34  Pylon  
  29  2:38  Probe  
  29  2:43  Gateway  
  30  2:48  Assimilator  
  30  2:50  Probe  
  31  2:55  Adept  
  33  3:02  Pylon, Probe  
  33  3:14  Probe  
  33  3:15  Probe  
  35  3:22  Adept  
  35  3:26  Probe  
  36  3:27  Probe  
  36  3:30  Stalker  
  26  3:49  Probe  
Tags
 
Add a new tag
Caveats
  • Supply blocks, unpowered buildings, or Contaminate may cause inaccurate times.
  • Supply counts are checked every 10 seconds.